 Dungeon Crawl Stone Soup version 0.23.2-1-ga50397a (webtiles) character file.

Game seed: 10013951303869671178

19384 Kairos the Brawler (level 12, -3/166 HPs)
             Began as a Troll Berserker on Apr 22, 2019.
             Was an Elder of Trog.
             Slain by a freezing wraith (8 damage)
             ... led by a death knight
             ... on level 13 of the Dungeon.
             The game lasted 00:23:29 (8726 turns).

Kairos the Brawler (Troll Berserker)                Turns: 8726, Time: 00:23:30

Health: -3/166     AC: 11    Str: 36    XL:     12   Next: 36%
Magic:  11/11      EV: 11    Int:  6    God:    Trog [****..]
Gold:   82         SH:  0    Dex:  4    Spells: 11/11 levels left

rFire    + . .     SeeInvis +     - Unarmed
rCold    + . .     Gourm    +   (no shield)
rNeg     . . .     Faith    +   H - +0 steam dragon scales
rPois    .         Spirit   .   (helmet restricted)
rElec    +         Reflect  .   v - +1 cloak {MR+}
rCorr    +         Harm     .   (gloves unavailable)
MR       .....                  (boots unavailable)
Stlth    ..........             W - amulet "Siuc" {Faith rElec rF++ Dex-5 SInv}
HPRegen  0.77/turn              Y - ring of ice
MPRegen  0.12/turn              B - ring of resist corrosion

@: berserking, vulnerable, very quick
A: large, unfitting armour, beak, claws 3, clever 1, fast metabolism 3,
gourmand, mutation resistance 1, regeneration 1, shaggy fur 1, tough skin 3
a: Berserk, Trog's Hand, Brothers in Arms, Renounce Religion


You were on level 13 of the Dungeon.
You worshipped Trog.
Trog was greatly pleased with you.
You were not hungry.

You visited 1 branch of the dungeon, and saw 13 of its levels.

You collected 943 gold pieces.
You spent 861 gold pieces at shops.

Inventory:

Hand Weapons
 u - a +2 quarterstaff of chaos
 x - a +0 morningstar of draining
 y - a +0 giant spiked club
Missiles
 c - 6 javelins of penetration
 d - 5 poisoned tomahawks
 F - 15 large rocks (quivered)
 S - 5 silver tomahawks
 T - 5 steel tomahawks
 U - 7 javelins of returning
Armour
 a - a +0 animal skin
 v - a +1 cloak of magic resistance (worn)
 C - a +1 robe of cold resistance
 H - +0 steam dragon scales (worn)
Jewellery
 s - an uncursed ring of flight
 B - a ring of resist corrosion (right claw)
 W - the amulet "Siuc" (around neck) {Faith rElec rF++ Dex-5 SInv}
   (You found it on level 10 of the Dungeon)

   [amulet of faith]

   It allows you to gain divine favour quickly.
   It affects your dexterity (-5).
   It greatly protects you from fire.
   It insulates you from electricity.
   It lets you see invisible.
 Y - a ring of ice (left claw)
Wands
 e - a wand of clouds (3)
 n - a wand of digging (4)
 q - a wand of iceblast (21)
 D - a wand of paralysis (8)
 M - a wand of acid (7)
 R - a wand of flame (17)
 V - a wand of scattershot (6)
Scrolls
 f - 5 scrolls of immolation
 i - 3 scrolls of remove curse
 k - 4 scrolls of enchant armour
 o - a scroll of blinking
 r - 2 scrolls of fear
 A - 3 scrolls of fog {unknown}
 I - 5 scrolls of teleportation {unknown}
 J - 3 scrolls of magic mapping {unknown}
 O - a scroll of enchant weapon {unknown}
 P - 2 scrolls of vulnerability {unknown}
 Q - a scroll of torment {unknown}
 X - 2 scrolls of amnesia {unknown}
Potions
 g - 3 potions of agility
 h - a potion of resistance {unknown}
 j - a potion of might {unknown}
 l - 7 potions of curing
 m - 3 potions of heal wounds {unknown}
 p - a potion of invisibility {unknown}
 t - 3 potions of magic {unknown}
 w - 4 potions of brilliance {unknown}
 z - 4 potions of degeneration {unknown}
 E - a potion of experience {unknown}
 G - 2 potions of lignification
 K - 3 potions of haste
 L - 2 potions of cancellation
Miscellaneous
 N - a fan of gales
Comestibles
 b - 21 rations


   Skills:
 + Level 5.2 Fighting
 + Level 0.5 Maces & Flails
 + Level 4.1 Throwing
 + Level 8.9 Dodging
 + Level 2.0 Stealth
 + Level 15.4 Unarmed Combat
 + Level 1.1 Evocations


You had 11 spell levels left.
You didn't know any spells.
Your spell library was empty.

Dungeon Overview and Level Annotations

Branches:
Dungeon (13/15)            Temple (0/1) D:5            Lair (0/6) D:8
    Orc (0/2) D:9
 Vaults: D:13-14

Altars:
Ashenzari
Cheibriados
Elyvilon
Fedhas
Hepliaklqana
Nemelex Xobeh
Okawaru
Trog
Wu Jian
Xom
Zin
The Shining One
Beogh

Shops:
D:7 :   D:8 !   D:10 }   D:12 }   D:13 *

Annotations:
D:13 1 transporter


Innate Abilities, Weirdness & Mutations

You are too large for most types of armour.
You have claws for hands.
Your metabolism is lightning-fast.
You like to eat raw meat.
Your natural rate of healing is unusually fast.
You are covered in fur. (AC +1)
You have extremely tough skin. (AC +3)
You have a beak for a mouth.
Your mind is acute. (Int +2)
You are somewhat resistant to further mutation.


Message History

You eat one of the 22 rations.
That ration really hit the spot!
You claw the freezing wraith! x2
The freezing wraith is almost destroyed.
The freezing wraith hits you but does no damage.
The freezing wraith hits you.
* * * LOW HITPOINT WARNING * * *
The freezing wraith hits you but does no damage. x2
You mangle the freezing wraith!!
You feel the power of Trog in you as your rage grows.
You destroy the freezing wraith!
Trog accepts your kill.
You barely miss the freezing wraith.
You peck the freezing wraith, but do no damage.
The freezing wraith is moderately damaged.
The freezing wraith hits you.
* * * LOW HITPOINT WARNING * * *
The freezing wraith freezes you! You resist.
* * * LOW HITPOINT WARNING * * *
The freezing wraith hits you!
You die...

### ##.## #...#
### ##...# ##.##
#####...####...#
##.....#.......W##
##.....#^.....†)@#
.....###....#..###
...####.....#...#
.#.............##
.#.#.#.........##
######.....##...#
.# ##........## ##
#..§.....# .#
#..##...##


You could see a freezing wraith.

Vanquished Creatures
  A death knight (D:13)
  Sonja (D:12)
  4 skeletal warriors
  An unseen horror (D:10)
  A phantasmal warrior (D:13)
  A deep elf mage (D:12)
  A wolf spider (D:12)
  2 manticores
  2 cyclopes
  4 gargoyles (D:9)
  A freezing wraith (D:13)
  A redback zombie (D:13)
  A troll (D:11)
  5 hippogriffs
  4 yaks (D:9)
  A wyvern (D:10)
  A wraith (D:11)
  Eustachio (D:6)
  A hungry ghost (D:10)
  A steam dragon (D:8)
  A water moccasin (D:12)
  Duvessa (D:5)
  2 orc warriors (D:9)
  A black bear (D:11)
  4 porcupines (D:8)
  3 sky beasts
  7 ice beasts
  2 phantoms
  3 necrophages (D:7)
  An eye of draining (D:9)
  8 ogres
  7 centaurs
  A crocodile (D:8)
  4 big kobolds
  10 bullfrogs
  A gnoll sergeant (D:9)
  2 wyvern zombies
  5 scorpions
  Dowan (D:5)
  12 killer bees
  11 wights
  A howler monkey (D:4)
  A centaur zombie (D:8)
  6 crimson imps
  A quasit (D:10)
  8 hounds
  4 jellies
  Crazy Yiuf (D:3)
  7 orc priests
  5 bullfrog skeletons
  2 centaur skeletons
  12 orc wizards
  An iguana (D:7)
  Terence (D:2)
  9 worker ants
  2 hound skeletons
  2 hound zombies
  9 gnolls
  A howler monkey skeleton (D:4)
  12 adders
  5 shadow imps
  An ooze (D:7)
  An adder zombie (D:8)
  A worm (D:3)
  5 leopard geckos
  41 orcs
  2 ball pythons
  5 giant cockroaches
  5 goblins
  A hobgoblin (D:1)
  29 jackals
  21 kobolds
  6 quokkas
  8 bats
  5 frilled lizards
  A jackal zombie (D:7)
  A leopard gecko skeleton (D:4)
  A quokka skeleton (D:4)
  A quokka zombie (D:7)
  11 rats
  A bush (D:7)
359 creatures vanquished.

Vanquished Creatures (collateral kills)
  A hydra (D:13)
1 creature vanquished.

Vanquished Creatures (others)
  9 fungi (D:8)
  4 plants (D:7)
13 creatures vanquished.

Grand Total: 373 creatures vanquished

Notes
Turn   | Place    | Note
-------+----------+-------------------------------------------
     0 | D:1      | Kairos the Troll Berserker began the quest for the Orb.
     0 | D:1      | Reached XP level 1. HP: 22/22 MP: 0/0
   239 | D:1      | Reached XP level 2. HP: 29/29 MP: 1/1
   436 | D:1      | Reached XP level 3. HP: 35/36 MP: 2/2
   734 | D:2      | Reached ** piety under Trog
   934 | D:2      | Reached skill level 4 in Unarmed Combat
   934 | D:2      | Reached XP level 4. HP: 40/44 MP: 3/3
   946 | D:2      | Noticed Terence
   957 | D:2      | Killed Terence
  1114 | D:2      | Found a bloodstained altar of Trog.
  1535 | D:3      | Found a hazy altar of Hepliaklqana.
  1536 | D:3      | Found a shimmering altar of Xom.
  1536 | D:3      | Noticed a hungry ghost
  1537 | D:3      | Noticed a hungry ghost
  1537 | D:3      | Noticed a spectral ugly thing
  1827 | D:3      | Found a runed translucent door.
  1828 | D:3      | Noticed Crazy Yiuf
  1834 | D:3      | Killed Crazy Yiuf
  1834 | D:3      | Reached XP level 5. HP: 53/53 MP: 4/4
  1890 | D:4      | Reached skill level 5 in Unarmed Combat
  1956 | D:4      | Reached skill level 1 in Throwing
  1956 | D:4      | Reached XP level 6. HP: 61/61 MP: 5/5
  1969 | D:4      | Found a glowing golden altar of the Shining One.
  2097 | D:4      | Reached *** piety under Trog
  2097 | D:4      | Reached skill level 6 in Unarmed Combat
  2113 | D:4      | Reached XP level 7. HP: 40/67 MP: 6/6
  2339 | D:5      | Entered Level 5 of the Dungeon
  2350 | D:5      | Found a staircase to the Ecumenical Temple.
  2477 | D:5      | Found an iron altar of Okawaru.
  2584 | D:5      | Reached skill level 7 in Unarmed Combat
  2587 | D:5      | Noticed Dowan
  2590 | D:5      | Noticed Duvessa
  2596 | D:5      | Killed Dowan
  2604 | D:5      | Killed Duvessa
  2984 | D:5      | Found a white marble altar of Elyvilon.
  2985 | D:5      | Found a glowing golden altar of the Shining One.
  2986 | D:5      | Found a glowing silver altar of Zin.
  3093 | D:6      | Reached XP level 8. HP: 65/75 MP: 7/7
  3123 | D:6      | Found a snail-covered altar of Cheibriados.
  3123 | D:6      | Found a shattered altar of Ashenzari.
  3175 | D:6      | Noticed Eustachio
  3239 | D:6      | Killed Eustachio
  3239 | D:6      | Reached skill level 8 in Unarmed Combat
  3566 | D:7      | Reached skill level 9 in Unarmed Combat
  3607 | D:7      | Noticed a hippogriff
  3616 | D:7      | Killed a hippogriff
  3647 | D:7      | Found a blossoming altar of Fedhas.
  3664 | D:7      | Found Heh Jaing's Book Emporium.
  3670 | D:7      | Reached skill level 5 in Dodging
  3671 | D:7      | Reached **** piety under Trog
  3683 | D:7      | Reached XP level 9. HP: 51/83 MP: 8/8
  4095 | D:7      | Received a gift from Trog
  4095 | D:7      | Reached skill level 10 in Unarmed Combat
  4180 | D:8      | Identified the Grimoire of Helpful Air
  4229 | D:8      | Reached skill level 1 in Stealth
  4230 | D:8      | Found Mujo's Distillery.
  4250 | D:8      | Bought 2 potions of curing for 72 gold pieces
  4250 | D:8      | Bought a potion of curing for 36 gold pieces
  4250 | D:8      | Bought a potion of curing for 36 gold pieces
  4250 | D:8      | Bought a potion of lignification for 36 gold pieces
  4250 | D:8      | Bought 2 potions of curing for 72 gold pieces
  4412 | D:8      | Reached skill level 11 in Unarmed Combat
  4477 | D:8      | Reached XP level 10. HP: 86/92 MP: 9/9
  4480 | D:8      | Found a staircase to the Lair.
  4529 | D:8      | Reached ***** piety under Trog
  4920 | D:8      | Bought 2 potions of cancellation for 192 gold pieces
  5154 | D:9      | Found a sparkling altar of Nemelex Xobeh.
  5179 | D:9      | Reached skill level 12 in Unarmed Combat
  5509 | D:9      | Found a staircase to the Orcish Mines.
  5511 | D:9      | Found a roughly hewn altar of Beogh.
  5597 | D:9      | Received a gift from Trog
  5874 | D:9      | Noticed a gargoyle
  5877 | D:9      | Killed a gargoyle
  5877 | D:9      | Reached skill level 13 in Unarmed Combat
  5881 | D:9      | Noticed a gargoyle
  5883 | D:9      | Killed a gargoyle
  5894 | D:9      | Noticed a gargoyle
  5900 | D:9      | Killed a gargoyle
  5907 | D:9      | Noticed a gargoyle
  5912 | D:9      | Killed a gargoyle
  6024 | D:9      | Reached XP level 11. HP: 101/101 MP: 10/10
  6065 | D:10     | Entered Level 10 of the Dungeon
  6091 | D:10     | Noticed an unseen horror
  6102 | D:10     | Killed an unseen horror
  6131 | D:10     | Got a pitted copper amulet
  6134 | D:10     | Found Jaivve's Gadget Shoppe.
  6135 | D:10     | Identified the amulet "Siuc" {Faith rElec rF++ Dex-5 SInv}
                  | (You found it on level 10 of the Dungeon)
  6375 | D:10     | Received a gift from Trog
  6875 | D:11     | Reached skill level 14 in Unarmed Combat
  7533 | D:12     | Received a gift from Trog
  7654 | D:12     | Noticed a wolf spider
  7661 | D:12     | Killed a wolf spider
  7770 | D:12     | Noticed Sonja
  7782 | D:12     | Killed Sonja
  7879 | D:12     | Noticed a deep elf mage
  7891 | D:12     | Killed a deep elf mage
  8197 | D:12     | Found Witow's Gadget Emporium.
  8205 | D:12     | Bought a wand of clouds (3) for 252 gold pieces
  8325 | D:13     | Found a transporter.
  8334 | D:13     | Received a gift from Trog
  8335 | D:13     | Noticed a skeletal warrior
  8336 | D:13     | Noticed a skeletal warrior
  8337 | D:13     | Noticed a skeletal warrior
  8345 | D:13     | Noticed a skeletal warrior
  8372 | D:12     | Killed a skeletal warrior
  8401 | D:13     | Found Mihelaep's General Store.
  8409 | D:13     | Bought a +0 morningstar of draining for 165 gold pieces
  8414 | D:13     | Found an ornate altar of the Wu Jian Council.
  8441 | D:13     | Noticed a five-headed hydra
  8451 | D:13     | Killed a five-headed hydra
  8451 | D:13     | Reached skill level 15 in Unarmed Combat
  8451 | D:13     | Reached XP level 12. HP: 30/110 MP: 11/11
  8512 | D:13     | Reached skill level 1 in Evocations
  8535 | D:13     | Reached skill level 5 in Fighting
  8603 | D:13     | Gained mutation: Your mind is acute. (Int +2) [potion of
                  | mutation]
  8603 | D:13     | Gained mutation: You have a beak for a mouth. [potion of
                  | mutation]
  8603 | D:13     | Gained mutation: You are somewhat resistant to further
                  | mutation. [potion of mutation]
  8700 | D:13     | Noticed a death knight
  8704 | D:13     | Received a gift from Trog
  8721 | D:13     | Killed a death knight
  8726 | D:13     | HP: 5/166 [freezing wraith[a death knight] (7)]
  8726 | D:13     | Slain by a freezing wraith

Skill      XL: |  1  2  3  4  5  6  7  8  9 10 11 12 |
---------------+-------------------------------------+-----
Unarmed Combat | 4 5 6 7 9 11 13 15 | 15.4
Fighting       | 3 4 5 |  5.2
Dodging        | 3 4 5 6 7 8 |  8.9
Throwing       | 1 2 3 4 |  4.1
Stealth        | 1 2 |  2.0
Evocations     | 1 |  1.1
Maces & Flails | |  0.5

Action                   |  1- 3 |  4- 6 |  7- 9 | 10-12 || total
-------------------------+-------+-------+-------+-------++-------
Melee: Unarmed           |   115 |   105 |   402 |   519 ||  1141
       Punch             |       |     1 |    11 |    26 ||    38
       Morningstar       |       |       |       |     2 ||     2
       Peck              |       |       |       |    11 ||    11
Throw: Stone             |       |    32 |    13 |    14 ||    59
       Throwing net      |       |     1 |       |       ||     1
       Javelin           |       |       |       |    17 ||    17
       Large rock        |       |       |       |     3 ||     3
Invok: Berserk           |     1 |     3 |     3 |     6 ||    13
       Trog's Hand       |       |       |     1 |    13 ||    14
       Brothers in Arms  |       |       |       |     2 ||     2
Evoke: Wand              |       |       |       |     6 ||     6
  Use: Potion            |       |       |     3 |     1 ||     4
       Scroll            |       |       |       |    11 ||    11
 Stab: Paralysed         |       |       |       |     2 ||     2
       Distracted        |       |       |       |     1 ||     1
  Eat: Chunk             |     7 |    20 |    19 |    46 ||    92
       Ration            |       |       |       |     2 ||     2
Armor: Animal skin       |    55 |    29 |    21 |       ||   105
       Robe              |       |       |   121 |       ||   121
       Steam dragon scal |       |       |    15 |   239 ||   254
Dodge: Dodged            |    80 |    50 |   243 |   299 ||   672
